AoeStats
← ITA | Raffy

Black Forest

503176538Analyzed
4v4 RM · 1mo ago on Aug 30, 2026· 14m 36s· 8 players
Game mode
Random Map
Map size
Large (8 player)
Population
200
Speed
Normal
Resources
Standard
Victory
Conquest
Starting age
Dark Age
Ending age
Imperial Age
RankedLock teamsTeams togetherTeam positionsShared explorationLock speedFull tech treeHidden civsTurbo modeCheats
Victory
Defeat
🇨🇱 Lithuanians · Chile
1418
+12
🇮🇹 Britons · Italy
1366
+14
🇧🇴 Slavs · Bolivia
1332
+16
🇪🇸 Ethiopians · Spain
1308
+17
🇭🇰 Bengalis · Hong Kong SAR China
1398
-18
🇨🇳 Franks · China
1329
-15
🇭🇰 Turks · Hong Kong SAR China
1325
-15
🇭🇰 Burgundians · Hong Kong SAR China
1279
-13
TAO
0:33 Loom
11:27 Feudal Age
15:43 Castle Age
13:59 Double-Bit Axe
五虎上將-黃忠
13:34 Feudal Age
14:26 Double-Bit Axe
14:32 Gold Mining
五虎上將-張飛
0:32 Loom
9:12 Double-Bit Axe
13:41 Feudal Age
六百公斤大肥豬
11:40 Feudal Age
12:48 Double-Bit Axe
15:14 Castle Age
14:08 Horse Collar
Cigarrín Zidane
1:30 Loom
9:47 Feudal Age
9:49 Man-at-Arms
11:12 Double-Bit Axe
14:23 Town Watch
yecjoel
4:36 Loom
10:49 Feudal Age
11:24 Double-Bit Axe
CeCa_Galvarino012
10:12 Feudal Age
13:55 Castle Age
12:06 Double-Bit Axe
ITA | Raffy
0:56 Loom
11:51 Feudal Age
15:49 Castle Age
13:45 Horse Collar
14:02 Double-Bit Axe
Connection lost

Rejoining the realm…

Still unreachable

The connection could not be restored.

Session expired

The server has moved on; the page needs a fresh start.